 Dungeon Crawl Stone Soup version 0.31-a0-845-g9abc20d24f (webtiles) character file.

Game seed: 2633974013690739467

613 Ethylacetat the Changeling (level 7, -5/46 HPs)
             Began as an Octopode Shapeshifter on Oct 2, 2023.
             Was an Initiate of Gozag.
             Slain by an orc
             ... wielding a +0 club
              (6 damage)
             ... on level 5 of the Dungeon.
             The game lasted 00:04:13 (4562 turns).

Ethylacetat the Changeling (Octopode Shapeshifter)  Turns: 4562, Time: 00:04:14

Health: -5/46      AC:  1    Str: 14 (15) XL:     7   Next: 44%
Magic:  7/7        EV: 14    Int: 10 (13) God:    Gozag
Gold:   274        SH:  0    Dex: 12 (13) Spells: 6/6 levels left

rFire   + . .        t - +6 war axe of Goumuneh {flame, rPois rF+ rN+ Str+2}
rCold   . . .        (no shield)
rNeg    + . .        (helmet currently unavailable)
rPois   +            (no amulet)
rElec   .            (no ring)
rCorr   .            (no ring)
SInv    .            (no ring)
Will    +....        (no ring)
Stlth   ++           (no ring)
HPRegen 0.27/turn    (no ring)
MPRegen 0.10/turn    (no ring)
                     (no ring)

%: no passive effects
@: beast-form, gold aura, enlightened, flying, hasted, very quick
A: beast (slay +3), almost no armour, amphibious, 8 rings, camouflage 1,
gelatinous body 1, (nimble swimmer 1), tentacles
a: Begin Untransformation, Renounce Religion, Potion Petition, Call Merchant,
Bribe Branch


You were on level 5 of the Dungeon.
You worshipped Gozag.
Gozag was aware of your devotion.
You were a hulking beast.
You visited 1 branch of the dungeon, and saw 5 of its levels.

You collected 473 gold pieces.
You spent 140 gold pieces at shops.
You paid 59 gold pieces to Gozag.

Inventory:

Hand Weapons
 t - the +6 war axe of Goumuneh (weapon) {flame, rPois rF+ rN+ Str+2}
   (You found it on level 5 of the Dungeon)

   Str+2:     It affects your strength (+2).
   rF+:       It protects you from fire.
   rPois:     It protects you from poison rN+: It protects you from negative
   energy.
Talismans
 b - a beast talisman (active)
 c - a flux talisman
Wands
 s - a wand of acid (5)
Scrolls
 g - 2 scrolls of fog {unknown}
 h - 2 scrolls of identify {unknown}
 i - 4 scrolls of teleportation {unknown}
 k - a scroll of vulnerability {unknown}
 l - 2 scrolls of blinking {unknown}
 m - a scroll of revelation {unknown}
 n - a scroll of fear {unknown}
 o - 2 scrolls of enchant weapon {unknown}
 p - a scroll of brand weapon {unknown}
 r - a scroll of amnesia {unknown}
 u - a scroll of torment {unknown}
 v - a scroll of enchant armour {unknown}
 w - a scroll of butterflies {unknown}
 x - a scroll of poison {unknown}
Potions
 a - a potion of lignification
 d - a potion of might {unknown}
 e - a potion of enlightenment
 f - a potion of mutation {unknown}
 q - a potion of brilliance {unknown}
 z - a potion of degeneration


   Skills:
 + Level 3.4 Fighting
 + Level 3.9 Dodging
 + Level 4.5 Unarmed Combat
 * Level 5.4 Shapeshifting


You had 6 spell levels left.
You didn't know any spells.
Your spell library contained the following spells:

 Spells                   Type           Power      Damage    Failure   Level
 Freeze                   Ice            0%         1d3       36%         1
 Summon Small Mammal      Summ           0%         N/A       36%         1
 Cigotuvi's Dreadful Rot  Necr/Pois/Air  0%         N/A       50%         2
 Call Canine Familiar     Summ           0%         N/A       75%         3
 Frozen Ramparts          Ice            0%         1d1       75%         3
 Gell's Gravitas          Tloc           0%         N/A       75%         3
 Hailstorm                Conj/Ice       0%         3d3       75%         3
 Ozocubu's Armour         Ice            0%         N/A       75%         3
 Summon Guardian Golem    Hex/Summ       0%         N/A       75%         3
 Teleport Other           Tloc           0%         N/A       75%         3
 Dispel Undead            Necr           0%         3d6       98%         4
 Metabolic Englaciation   Hex/Ice        0%         N/A       100%        5
 Death Channel            Necr           0%         N/A       100%        6
 Dispersal                Tloc           0%         N/A       100%        6
 Simulacrum               Ice/Necr       Unusable   N/A       N/A         6

Dungeon Overview and Level Annotations

Branches:
Dungeon (5/15)             Temple (0/1) D:4

Altars:
Gozag

Shops:
D:5 *


Innate Abilities, Weirdness & Mutations

You are a hulking beast.
Your limbs bulge with bestial killing power. (Slay +3)
You cannot wear most types of armour.
You are amphibious.
You can wear up to eight rings at the same time.
Your skin changes colour to match your surroundings (Stealth+).
Your rubbery body absorbs attacks. (AC +1, EV +1)
((You are camouflaged when in or above water. (Stealth+)))
You have tentacles for arms and can constrict up to eight enemies at once.


Message History

The orc shouts!
The orc priest shouts!
Your grab misses the orc.
The orc is no longer distracted by gold.
An orc comes into view. It is wielding a +0 hand axe.
The orc hits you with a +0 club.
The orc shouts!
You slash the orc wizard! You burn the orc wizard.
You kill the orc wizard!
You hit the orc. You burn the orc.
The orc is no longer distracted by gold.
The orc completely misses you.
A dart slug comes into view.
The orc is distracted by your dazzling golden aura.
The orc hits you with a +0 club. The orc hits you with a +0 mace!
* * * LOW HITPOINT WARNING * * *
Unknown command.
It was a potion of enlightenment.
You feel very buoyant.
You fly up into the air.
The orc is no longer distracted by gold.
The orc hits you with a +0 mace.
* * * LOW HITPOINT WARNING * * *
The orc is distracted by your dazzling golden aura.
The orc shouts!
It was a potion of degeneration.
There was something very wrong with that liquid.
You feel weakened.
You feel dopey.
You feel clumsy.
You hear a shout!
The orc is no longer distracted by gold.
The orc hits you with a +0 club.
* * * LOW HITPOINT WARNING * * *
An orc comes into view. It is wielding a +0 flail.
The orc priest is distracted by your dazzling golden aura.
The orc barely misses you.
The orc priest shouts!
Okay, then.
It was a potion of haste.
You feel yourself speed up. The orc closely misses you.
The orc hits you with a +0 club.
You die...
Your body crumbles into a pile of gold. #...# ..## ##. ## '.♣...###.. ... ow.......

..># o...>.? .. #.o...
##o♣.## ###..ooo###
#....oho..### #
......$......##.#
.♣...###...♣....#
...###.###...#..########
#+ #'#..##.##...#......
#.###.#.#........#.#####
#.....#.#.#####..#.#....
#####.#.#.# #..#.#.###
#.#.#.# #..#.#....


You could see an orc priest, a dart slug and 8 orcs.

Vanquished Creatures
  A black bear (D:4)
  A phantom (D:5)
  2 scorpions
  2 hounds
  Crazy Yiuf (D:3)
  An iguana (D:5)
  Terence (D:2)
  An orc wizard (D:5)
  7 adders
  A white imp (D:5)
  A worm (D:2)
  3 dart slugs
  9 orcs
  7 endoplasms
  2 giant cockroaches
  5 goblins
  9 hobgoblins
  8 jackals
  4 quokkas
  11 ball pythons
  5 bats
  2 frilled lizards
  5 kobolds
  4 rats
93 creatures vanquished.

Notes
Turn   | Place    | Note
-------+----------+-------------------------------------------
     0 | D:1      | Ethylacetat the Octopode Shapeshifter began the quest for
                  | the Orb.
     0 | D:1      | Reached XP level 1. HP: 13/13 MP: 1/1
   262 | D:1      | Reached XP level 2. HP: 13/18 MP: 2/2
   746 | D:2      | Reached XP level 3. HP: 19/23 MP: 3/3
   755 | D:2      | Noticed Terence
   763 | D:2      | Killed Terence
   819 | D:2      | Reached XP level 4. HP: 29/29 MP: 4/4
   924 | D:2      | Found a faded altar of an unknown god.
  1740 | D:3      | Found a runed translucent door.
  1741 | D:3      | Noticed Crazy Yiuf
  2180 | D:3      | Reached skill level 4 in Shapeshifting
  2328 | D:3      | Killed Crazy Yiuf
  2329 | D:3      | Reached XP level 5. HP: 34/34 MP: 5/5
  2381 | D:4      | Found an opulent altar of Gozag.
  2415 | D:4      | Became a worshipper of Gozag Ym Sagoz the Greedy
  2432 | D:4      | Found a staircase to the Ecumenical Temple.
  2680 | D:4      | Reached XP level 6. HP: 31/41 MP: 6/6
  2956 | D:4      | Noticed a black bear
  3126 | D:4      | Killed a black bear
  4005 | D:5      | Entered Level 5 of the Dungeon
  4016 | D:5      | Identified the +6 war axe of Goumuneh {flame, rPois rF+ rN+
                  | Str+2}
  4126 | D:5      | Reached skill level 5 in Shapeshifting
  4126 | D:5      | Reached XP level 7. HP: 36/46 MP: 7/7
  4333 | D:5      | Found Witzek's Assorted Antiques.
  4336 | D:5      | Bought a scroll labelled BIMURE QIMOHOAB for 28 gold pieces
  4336 | D:5      | Bought a scroll labelled PICWAIRAUHA for 28 gold pieces
  4336 | D:5      | Bought a scroll labelled MOTHUG YTOYDU for 28 gold pieces
  4336 | D:5      | Bought a scroll labelled JOURCH HEICKAH for 28 gold pieces
  4336 | D:5      | Bought a scroll labelled REKORO YCZIDAG for 28 gold pieces
  4561 | D:5      | HP: 1/46 [orc/+0 club (6)]
  4562 | D:5      | Slain by an orc

Illustrated notes

Levels and vault maps discovered:
D:1:      elethiomel_arrival_shortcut, layout_loops_ring
D:2:      layout_loops_cross, hellmonk_ecumenical_altar_inner_sanctum,
          uniq_terence
D:3:      minmay_octagon_keep, layout_loops_ring,
          hangedman_abyss_or_decor_stabs, uniq_crazy_yiuf_cottage
D:4:      layout_layer_cave, nicolae_gozag_seed_capital,
          minmay_temple_entry_junction
D:5:      layout_basic, serial_shops, nicolae_shop_behind_doors,
          corexii_leaking_fountain, grunt_ministairs_13

Skill      XL: |  1  2  3  4  5  6 |
---------------+-------------------+-----
Fighting       | 2 3 |  3.4
Shapeshifting  | 4 5 |  5.4
Dodging        | 3 |  3.9
Unarmed Combat | 4 |  4.5

Action                     |  1- 3 |  4- 6 |  7- 9 || total
---------------------------+-------+-------+-------++-------
  Melee: Unarmed           |    50 |   105 |       ||   155
         Constrict         |    12 |    31 |     3 ||    46
         Tentacles         |     9 |    22 |     6 ||    37
         Punch             |     1 |     7 |       ||     8
         War axe           |       |       |    19 ||    19
    Use: Potion            |       |       |     3 ||     3
   Stab: Sleeping          |     7 |    11 |       ||    18
         Distracted        |       |     2 |       ||     2
 Armour: Skin              |    13 |    46 |    18 ||    77
  Dodge: Dodged            |    29 |    69 |    20 ||   118

Table legend: (Time is in decaauts)
 A = Elapsed time spent in this place.
 B = Non-inter-level travel time spent in this place.
 C = Inter-level travel time spent in this place.
 D = Time resting spent in this place.
 E = Time spent auto-exploring this place.
 F = Levels seen in this place.
 G = Mean time per level.
                   A        B        C        D        E       F      G
               +--------+--------+--------+--------+--------+-----+--------+
         Total |   4560 |   4322 |    238 |    103 |   3633 |   5 |  912.0 |
       Dungeon |   4560 |   4322 |    238 |    103 |   3633 |   5 |  912.0 |
               +--------+--------+--------+--------+--------+-----+--------+

Top non-repeatable levels by time:
     D:4: 1635 daAuts
     D:3: 864 daAuts
     D:2: 807 daAuts
     D:1: 687 daAuts
     D:5: 565 daAuts
